 Dungeon Crawl Stone Soup version 0.18.1-5-g4a78601 (webtiles) character file.

2795 RepoMan the Firebug (level 9, 57/57 HPs)
             Began as a Mummy Fire Elementalist on May 12, 2016.
             Was an Initiate of Pakellas.
             Safely got out of the dungeon.
             The game lasted 01:28:25 (11028 turns).

RepoMan the Firebug (Mummy Fire Elementalist)      Turns: 11028, Time: 01:28:26

Health: 57/57      AC: 10    Str: 12    XL:     9   Next: 43%
Magic:  0/17       EV: 12    Int: 17    God:    Pakellas [......]
Gold:   279        SH:  0    Dex: 12    Spells: 8 memorised, 0 levels left

rFire  x . .     SeeInvis .     o - staff of poison
rCold  + . .     Gourm    .     a - +0 robe
rNeg   + + +     Faith    .     (no shield)
rPois  ∞         Spirit   .     w - +2 helmet
rElec  .         Dismiss  .     c - +1 cloak
rCorr  .         Reflect  .     i - +2 pair of gloves
SustAt +         Harm     .     (no boots)
MR     ++...                    (no amulet)
Stlth  ++........               n - ring of sustain attributes
                                h - ring of protection from magic

@: very resistant to hostile enchantments, unstealthy
A: no food or potions, fire vulnerability, cold resistance 1, negative energy
resistance 3, torment resistance, unbreathing
a: Renounce Religion


You escaped.
You worshipped Pakellas.
Pakellas was noncommittal.
You were not hungry.

You visited 2 branches of the dungeon, and saw 9 of its levels.

You collected 279 gold pieces.

Inventory:

Hand Weapons
 g - a +0 blowgun
Armour
 a - a +0 robe (worn)
 c - a +1 cloak (worn)
 i - a +2 pair of gloves (worn)
 w - a +2 helmet (worn)
Magical Staves
 o - an uncursed staff of poison (weapon)
Jewellery
 h - a ring of protection from magic (left hand)
 n - a ring of sustain attributes (right hand)
 r - an uncursed ring of flight
Wands
 q - a wand of teleportation (0/9)
 t - a wand of disintegration (1/24)
 v - a wand of teleportation (3/9)
Scrolls
 d - 2 scrolls of identify
 e - 2 scrolls of teleportation
 f - a scroll of fear
 l - 2 scrolls of enchant weapon
 p - a scroll of fog
Books
 b - a book of Flames

   Spells                             Type                      Level
   a - Flame Tongue                   Conjuration/Fire             1
   b - Throw Flame                    Conjuration/Fire             2
   c - Conjure Flame                  Conjuration/Fire             3
   d - Inner Flame                    Hexes/Fire                   3
   e - Sticky Flame                   Conjuration/Fire             4
   f - Fireball                       Conjuration/Fire             5
 m - a Young Poisoner's Handbook

   Spells                             Type                      Level
   a - Sting                          Conjuration/Poison           1
   b - Cure Poison                    Poison                       2
   c - Mephitic Cloud                 Conjuration/Poison/Air       3
   d - Olgreb's Toxic Radiance        Poison                       4
   e - Venom Bolt                     Conjuration/Poison           5
 s - a book of Conjurations

   Spells                             Type                      Level
   a - Magic Dart                     Conjuration                  1
   b - Searing Ray                    Conjuration                  2
   c - Dazzling Spray                 Conjuration/Hexes            3
   d - Fulminant Prism                Conjuration/Hexes            4
   e - Iskenderun's Mystic Blast      Conjuration                  4
   f - Iskenderun's Battlesphere      Conjuration/Charms           5


   Skills:
 - Level 1.5 Dodging
 - Level 1.5 Stealth
 + Level 5.7 Spellcasting
 + Level 5.0 Conjurations
 * Level 7.7 Fire Magic
 + Level 3.6 Evocations


You couldn't memorise any spells.
You knew the following spells:

 Your Spells              Type           Power        Failure   Level  Hunger
a - Flame Tongue          Conj/Fire      ####.        1%          1    N/A
b - Throw Flame           Conj/Fire      ####..       1%          2    N/A
c - Conjure Flame         Conj/Fire      ####....     3%          3    N/A
d - Dazzling Spray        Conj/Hex       ##......     17%         3    N/A
e - Sticky Flame          Conj/Fire      ####....     12%         4    N/A
i - Inner Flame           Hex/Fire       ###.....     10%         3    N/A
r - Searing Ray           Conj           ###...       2%          2    N/A
s - Sting                 Conj/Pois      ###.         6%          1    N/A

Dungeon Overview and Level Annotations

Branches:
Dungeon (8/15)             Temple (1/1) D:6
   Lair: D:8-11

Altars:
Ashenzari
Cheibriados
Dithmenos
Elyvilon
Fedhas
Gozag
Kikubaaqudgha
Makhleb
Nemelex Xobeh
Okawaru
Pakellas
Qazlal
Ru
Sif Muna
Trog
Vehumet
Yredelemnul
Zin
The Shining One

Annotations:
D:4 Grinder
D:8 Prince Ribbit, Psyche


Innate Abilities, Weirdness & Mutations

You do not eat or drink.
Your flesh is vulnerable to fire.
You are immune to poison.
Your flesh is cold resistant.
You are immune to negative energy.
You are immune to unholy pain and torment.
You can survive without breathing.


Message History

There is a stone staircase leading down here.
The phantom blinks!
There is an escape hatch in the ceiling here.
A mysterious force pulls you upwards. The hatch slams shut behind you.
(D) Dungeon (T) Temple
Where to? (Enter - D:1, ? - help)
What level of the Dungeon? (default 1, ? - help)
There is a stone staircase leading up here.
You see here a stone.
You climb upwards.
There is a stone staircase leading down here.
There is a stone staircase leading up here.
You climb upwards.
There is a stone staircase leading down here.
There is an open door here.
There is an open door here.
There is an open door here.
There is a staircase leading out of the dungeon here.
Are you sure you want to leave the Dungeon?
This will make you lose the game!
You have escaped!

#######..##.#####.##.############
†........##.# ##.##..##
###..#...##.# ##...#.#.##
#......#.##.# #.#.#.###.######
#.#..#...##(########.###.....#
#.#..##.....#......####.####.#
#....##.....#.####.#.#.## #.#
#.........#.#.#..#(##.## #.#
..(..##...#.#.+.@'.##.# #.#
#.#.###..##.#.#..#.##.# ##.##
#...# #..##.#.####'##.# ##.#.##
#.#.###†.##.#......'..# ##.###.##
#.#...#.....######'#..###.## ##.#
......†..##.##........##.## ##.
..###.#####.##.##########.## ##.#
#.###.## ##.##.## ##.###.##
#.##...###......# ##>#.##


There were no monsters in sight!

Vanquished Creatures
  2 orc warriors
  A necrophage (D:6)
  A phantom (D:4)
  2 ogres
  3 centaurs
  2 giant frogs
  11 big kobolds (D:8)
  A wyvern skeleton (D:6)
  3 wights (D:6)
  3 howler monkeys
  A crimson imp (D:6)
  A quasit (D:7)
  2 hounds (D:4)
  A jelly (D:8)
  A centaur skeleton (D:8)
  A giant frog skeleton (D:6)
  An orc wizard (D:8)
  An iguana (D:5)
  8 worker ants
  A killer bee zombie (D:7)
  A hound skeleton (D:4)
  A hound zombie (D:7)
  Robin (D:2)
  5 gnolls
  2 howler monkey skeletons
  9 adders
  A shadow imp (D:5)
  3 oozes
  2 adder zombies (D:7)
  5 worms
  3 dart slugs
  5 giant geckos
  15 orcs
  2 ball pythons
  5 giant cockroaches
  11 goblins
  8 hobgoblins
  16 jackals
  15 kobolds
  4 quokkas
  6 bats
  9 giant newts
  7 rats
183 creatures vanquished.

Notes
Turn   | Place    | Note
--------------------------------------------------------------
     0 | D:1      | RepoMan the Mummy Fire Elementalist began the quest for the Orb.
     0 | D:1      | Reached XP level 1. HP: 13/13 MP: 3/3
   685 | D:1      | Reached skill level 1 in Conjurations
   685 | D:1      | Reached XP level 2. HP: 19/19 MP: 3/5
   689 | D:1      | Learned a level 2 spell: Throw Flame
  1295 | D:2      | Reached skill level 3 in Fire Magic
  1295 | D:2      | Reached XP level 3. HP: 24/24 MP: 0/6
  1572 | D:2      | Learned a level 3 spell: Conjure Flame
  1714 | D:2      | Noticed Robin
  1830 | D:2      | Noticed a moth of wrath
  1833 | D:2      | Reached XP level 4. HP: 30/30 MP: 5/8
  2141 | D:2      | Found a sparkling altar of Nemelex Xobeh.
  2533 | D:2      | Found a bloodstained altar of Trog.
  3227 | D:3      | Reached XP level 5. HP: 28/35 MP: 2/9
  3749 | D:4      | Noticed Grinder
  3953 | D:4      | Reached skill level 4 in Fire Magic
  4021 | D:4      | Learned a level 3 spell: Inner Flame
  4247 | D:4      | Learned a level 1 spell: Sting
  4292 | D:4      | Noticed a phantom
  4294 | D:5      | Entered Level 5 of the Dungeon
  4452 | D:5      | Noticed a centaur
  4464 | D:5      | Killed a centaur
  4464 | D:5      | Reached XP level 6. HP: 9/41 MP: 0/11
  5637 | D:4      | Reached skill level 5 in Fire Magic
  5694 | D:4      | Found a white marble altar of Elyvilon.
  5703 | D:4      | Reached XP level 7. HP: 36/46 MP: 5/12
  5961 | D:5      | You fall through a shaft for 3 floors!
  5961 | D:8      | Found a radiant altar of Vehumet.
  5968 | D:8      | Noticed a wyvern
  6014 | D:8      | Noticed Psyche
  6249 | D:6      | Found a burning altar of Makhleb.
  6556 | D:6      | Reached skill level 1 in Evocations
  6886 | D:6      | Found a staircase to the Ecumenical Temple.
  6901 | Temple   | Entered the Ecumenical Temple
  7026 | D:6      | Learned a level 2 spell: Searing Ray
  7341 | D:6      | Reached XP level 8. HP: 50/52 MP: 7/14
  7618 | D:6      | Learned a level 3 spell: Dazzling Spray
  7717 | D:5      | Found a blossoming altar of Fedhas.
  8094 | D:4      | Reached skill level 6 in Fire Magic
  8589 | D:2      | Killed Robin
  9741 | D:7      | Reached skill level 5 in Spellcasting
 10307 | D:8      | Reached skill level 7 in Fire Magic
 10307 | D:8      | Reached XP level 9. HP: 57/57 MP: 4/16
 10445 | D:7      | Learned a level 4 spell: Sticky Flame
 10476 | D:8      | Found an oddly glowing altar of Pakellas.
 10487 | D:8      | Became a worshipper of Pakellas the Inventive
 10709 | D:8      | Noticed Prince Ribbit
 10723 | D:8      | Reached skill level 5 in Conjurations
 11028 | D:$      | Safely got out of the dungeon.

Skill      XL: |  1  2  3  4  5  6  7  8  9 |
---------------+----------------------------+-----
Conjurations   | 1 2 3 4 5 |  5.0
Fire Magic     | 3 4 5 7 |  7.7
Spellcasting   | 3 4 5 |  5.7
Evocations     | 1 3 |  3.6
Dodging        | |  1.5
Stealth        | |  1.5

Action                   |  1- 3 |  4- 6 |  7- 9 || total
-------------------------+-------+-------+-------++-------
Melee: Unarmed           |     1 |     1 |       ||     2
       Staff             |       |       |    24 ||    24
 Cast: Flame Tongue      |    65 |   184 |    92 ||   341
       Throw Flame       |     1 |     7 |     2 ||    10
       Sting             |       |    19 |    16 ||    35
       Conjure Flame     |       |       |    18 ||    18
       Searing Ray       |       |       |    13 ||    13
       Inner Flame       |       |       |     8 ||     8
       Dazzling Spray    |       |       |     1 ||     1
       Sticky Flame      |       |       |     2 ||     2
Evoke: Wand              |       |       |    20 ||    20
  Use: Scroll            |     1 |       |    13 ||    14
Armor: Robe              |     9 |    26 |    47 ||    82
Dodge: Dodged            |    28 |    83 |    64 ||   175
